AoeStats
← dashuaibi

Nomad

507949768Analyzed
4v4 RM · 12d ago on Sep 20, 2026· 29m 12s· 8 players
Game mode
Random Map
Map size
231×231
Population
200
Speed
Normal
Resources
Standard
Victory
Conquest
Starting age
Dark Age
Ending age
Imperial Age
RankedLock teamsTeams togetherTeam positionsShared explorationLock speedFull tech treeHidden civsTurbo modeCheats
Victory
Defeat
🇨🇳 Spanish · China
1379
+16
🇨🇳 Vietnamese · China
1357
+17
🇨🇳 Persians · China
1348
+17
🇨🇳 Mongols · China
1334
+18
🇩🇪 Shu · Germany
1489
-21
🇦🇺 Burgundians · Australia
1355
-16
🇦🇷 Spanish · Argentina
1348
-16
🇦🇷 Huns · Argentina
1332
-15
CavArchers
13:00 Feudal Age
16:38 Castle Age
15:36 Double-Bit Axe
19:19 Padded Archer Armor
19:10 Fletching
19:19 Gold Mining
22:50 Loom
24:28 Horse Collar
28:40 Wheelbarrow
29:04 Medium Warships
29:22 Stone Mining
30:07 Leather Archer Armor
dashuaibi
4:48 Loom
13:43 Feudal Age
18:45 Castle Age
16:36 Fishing Lines
17:56 Double-Bit Axe
19:01 Horse Collar
21:51 Gillnets
22:23 Bow Saw
26:42 Heavy Plow
26:46 Fletching
26:57 Padded Archer Armor
27:04 Scale Barding Armor
27:58 Wheelbarrow
27:33 Gold Mining
27:34 Stone Mining
28:43 Bodkin Arrow
29:03 Leather Archer Armor
29:48 Ballistics
30:16 Stone Shaft Mining
30:19 Gold Shaft Mining
西巴老嘛
4:59 Loom
12:56 Feudal Age
18:21 Town Watch
23:30 Castle Age
21:47 Fishing Lines
23:18 Double-Bit Axe
23:16 Horse Collar
23:28 Gold Mining
25:12 Forging
25:07 Scale Barding Armor
29:14 Husbandry
29:58 Bloodlines
国际悍匪Arosy
5:12 Loom
13:50 Feudal Age
14:47 Town Watch
18:26 Castle Age
16:20 Fishing Lines
16:31 Double-Bit Axe
17:30 Fletching
17:54 Gold Mining
18:53 Bodkin Arrow
19:28 Padded Archer Armor
25:06 Ballistics
27:16 Horse Collar
JCPJ.Philipp
8:37 Loom
13:36 Feudal Age
17:15 Castle Age
21:17 Town Watch
Silver_Storm
3:36 Loom
11:28 Double-Bit Axe
13:43 Feudal Age
16:24 Wheelbarrow
18:53 Castle Age
18:05 Stone Mining
18:27 Bow Saw
19:42 Stone Shaft Mining
21:17 Fletching
24:39 Gold Mining
28:05 Horse Collar
Hodor
4:50 Loom
15:17 Feudal Age
20:03 Castle Age
21:04 Scale Barding Armor
24:48 Double-Bit Axe
pfcarballo30
9:09 Loom
14:12 Feudal Age
15:31 Double-Bit Axe
18:27 Castle Age
17:16 Horse Collar
18:57 Town Watch
20:29 Bloodlines
22:32 Medium Warships
23:34 Padded Archer Armor
23:59 Husbandry
25:20 Leather Archer Armor
26:23 Elite Skirmisher
26:57 Fletching
Connection lost

Rejoining the realm…

Still unreachable

The connection could not be restored.

Session expired

The server has moved on; the page needs a fresh start.